 Dungeon Crawl Stone Soup version 0.29.1-2-gbd0b4ee654 (webtiles) character file.

Game seed: 13767636253836452169

65 eriqlaplus the Conjurer (level 4, -4/24 HPs)
             Began as a Tengu Conjurer on Nov 2, 2022.
             Slain by Terence
             ... wielding a +0 morningstar
              (11 damage)
             ... on level 2 of the Dungeon.
             The game lasted 00:04:18 (1386 turns).

eriqlaplus the Conjurer (Tengu Conjurer)            Turns: 1386, Time: 00:04:18

Health: -4/24      AC:  0    Str:  7    XL:     4   Next: 13%
Magic:  3/8        EV: 19    Int: 20    God:
Gold:   82         SH:  0    Dex: 18    Spells: 6/7 levels left

rFire   . . .      SeeInvis .   (weapon currently unavailable)
rCold   . . .      Faith    .   (shield currently unavailable)
rNeg    . . .      Spirit   .   (body armour currently unavailable)
rPois   .          Reflect  .   (helmet currently unavailable)
rElec   .          Harm     .   (cloak currently unavailable)
rCorr   .          Rampage  .   (gloves currently unavailable)
Will    .....                   (boots unavailable)
Stlth   ++........              (no amulet)
HPRegen 0.08/turn               (ring currently unavailable)
MPRegen 0.11/turn               (ring currently unavailable)

@: bat-form (expiring), flying, very quick
A: fast, flying, no casting, tiny, (beak), (talons 3)
a: no special abilities


You were on level 2 of the Dungeon.
You were a bat.
You visited 1 branch of the dungeon, and saw 2 of its levels.

You collected 82 gold pieces.

Inventory:

Armour
 a - a +0 robe (melded)
Scrolls
 d - a scroll of enchant weapon {unknown}
 e - 2 scrolls of teleportation {unknown}
 f - a scroll of fear {unknown}
 g - a scroll of identify {unknown}
Potions
 b - a potion of magic
 c - a potion of haste {unknown}


   Skills:
 + Level 2.3 Dodging
 + Level 2.1 Stealth
 + Level 0.1 Unarmed Combat
 + Level 2.3 Spellcasting
 + Level 6.9 Conjurations


You had 6 spell levels left.
You knew the following spells:

 Your Spells              Type           Power      Damage    Failure   Level
a - Magic Dart            Conj           100%       1d8       1%          1

Your spell library contained the following spells:

 Spells                   Type           Power      Damage    Failure   Level
 Searing Ray              Conj           60%        2d6       1%          2
 Dazzling Flash           Conj/Hex       32%        N/A       11%         3
 Fulminant Prism          Conj/Hex       8%         3d7       36%         4
 Iskenderun's Mystic Bla  Conj/Tloc      16%        2d5       36%         4


Dungeon Overview and Level Annotations

Branches:
Dungeon (2/15)

Altars:

Shops:
D:2 :(

Annotations:
D:2 Terence


Innate Abilities, Weirdness & Mutations

You are a bat.
You are tiny and dextrous.
You move quickly.
You are flying.
Your equipment is almost entirely melded.
You are incapable of wielding weapons or throwing items.
You cannot cast spells.
((You have a beak for a mouth.))
((You have claws for feet.))


Message History

You hit Terence but do no damage.
Terence is moderately wounded.
Terence misses you.
You hit Terence.
Terence is heavily wounded.
Terence misses you.
You hit Terence but do no damage.
Terence is heavily wounded.
You barely miss Terence.
Terence is heavily wounded.
Terence barely misses you.
You hit Terence but do no damage.
Terence is heavily wounded.
Terence closely misses you.
You hit Terence but do no damage.
Terence is heavily wounded.
Your transformation is almost over.
Terence misses you.
You hit Terence.
Terence is heavily wounded.
Terence barely misses you.
You hit Terence but do no damage.
Terence is heavily wounded.
Terence misses you.
You hit Terence but do no damage.
Terence is heavily wounded.
Terence barely misses you.
You hit Terence but do no damage.
Terence is heavily wounded.
Terence barely misses you.
You hit Terence but do no damage.
Terence is heavily wounded.
Terence completely misses you.
You hit Terence but do no damage.
Terence is heavily wounded.
Terence misses you.
You completely miss Terence.
Terence is moderately wounded.
Terence hits you with a +0 morningstar!
You die...

#......... .........
########........
#.........# ####
#.######.## #..# #.#
#.<# #..# #.### #..#
#..####...# #..#
#.......#.####.b#
#.......#.......@g.....
#.#.#.......#..######..
.#.#.#.......#..#
.#+#'####....#..#
.............'..#
......##.#...##.#
#...####.#.####.#
.....###.#...##.#


You could see Terence and a goblin.

Vanquished Creatures
  Jessica (D:2)
  An adder (D:2)
  A dart slug (D:1)
  2 endoplasms (D:1)
  2 goblins
  3 hobgoblins (D:1)
  3 jackals (D:1)
  6 ball pythons
  4 bats
  A kobold (D:2)
  5 rats
  A spectral hobgoblin (D:2)
30 creatures vanquished.

Notes
Turn   | Place    | Note
-------+----------+-------------------------------------------
     0 | D:1      | eriqlaplus the Tengu Conjurer began the quest for the Orb.
     0 | D:1      | Reached XP level 1. HP: 10/10 MP: 4/4
   108 | D:1      | Reached XP level 2. HP: 9/15 MP: 1/6
   278 | D:1      | Reached skill level 6 in Conjurations
   850 | D:1      | Reached XP level 3. HP: 19/19 MP: 5/7
   964 | D:2      | Found a faded altar of an unknown god.
   984 | D:2      | Noticed Jessica
   986 | D:2      | Killed Jessica
   987 | D:2      | Reached XP level 4. HP: 24/24 MP: 3/8
  1151 | D:2      | Found Jucar's Book Shoppe.
  1252 | D:2      | Found Biyril's Weapon Boutique.
  1356 | D:2      | Noticed Terence
  1386 | D:2      | Slain by Terence

Illustrated notes

Levels and vault maps discovered:
D:1:      dpeg_arrival_windows_large_door, layout_basic
D:2:      layout_basic, dreamdust_ecumenical_altar_drowned_temple, serial_shops,
          nicolae_shop_advertising_works [nicolae_subvault_shop_adworks],
          nicolae_diamond_shop, nicolae_shop_bloodbath_and_beyond, uniq_jessica,
          uniq_terence

Skill      XL: |  1  2 |
---------------+-------+-----
Conjurations   | 6 |  6.9
Dodging        | |  2.3
Stealth        | |  2.1
Unarmed Combat | |  0.1
Spellcasting   | |  2.3

Action                   |  1- 3 |  4- 6 || total
-------------------------+-------+-------++-------
Melee: Unarmed           |    18 |    20 ||    38
       Kick              |     3 |       ||     3
       Peck              |     3 |       ||     3
 Cast: Magic Dart        |    48 |    12 ||    60
Armor: Robe              |     6 |       ||     6
Dodge: Dodged            |    11 |    20 ||    31
